Map: Ice and Chrome LE

Players

DisK

  • Race: Protoss Protoss
  • League: Grandmaster
  • Spawn Location: 1:00

Silky - Winner!

  • Race: Zerg Zerg
  • Spawn Location: 7:00

Event: The Miserable Cup

VOD

Have the link to the VOD?

Description

Time

  • Played on: June 17, 2020, 10:24 a.m.
  • Length: 18:00

All games in this series

Show
View Real Time Build Order
Export as new Build Order

DisK Protoss 

Build Orders: 1 Gate Expand 

Get SALT Encoding   

  12  0:00  Probe  
  13  0:12  Probe  
  14  0:19  Pylon  
  14  0:24  Probe  
  15  0:34  Probe  
  15  0:39  Gateway  
  15  0:42  Probe  
  16  0:47  Assimilator  
  17  0:51  Probe  
  18  1:03  Probe  
  19  1:15  Probe  
  20  1:23  Nexus  
  20  1:33  Cybernetics Core  
  20  1:36  Probe  
  21  1:42  Assimilator  
  21  1:48  Probe  
  21  1:53  Pylon  
  22  2:01  Stalker, Probe  
  23  2:13  Probe  
  26  2:18  Warp Gate  
  26  2:26  Probe  
  26  2:27  Twilight Council  
  27  2:31  Adept  
  27  2:32  Probe  
  27  2:34  Probe  
  30  2:42  Probe x2  
  33  2:54  Probe  
  33  2:55  Probe  
  35  2:59  Robotics Facility  
  35  3:02  Resonating Glaives  
  35  3:08  Gateway  
  35  3:10  Probe x2  
  37  3:20  Gateway  
  37  3:25  Gateway  
  37  3:26  Probe  
  38  3:27  Probe  
  38  3:31  Adept  
  41  3:36  Warp Prism  
  41  3:39  Pylon  
  41  3:40  Probe  
  44  3:49  Probe  
  44  3:52  Probe  
  44  3:54  Assimilator  
  46  4:01  Pylon, Probe  
  47  4:04  Probe  
  47  4:08  Adept  
  50  4:10  Adept  
  50  4:13  Probe  
  50  4:16  Probe  
  54  4:18  Assimilator  
  54  4:20  Pylon  
  54  4:24  Observer  
  55  4:25  Probe  
  55  4:28  Probe  
  55  4:30  Pylon  
  57  4:37  Adept x2  
  61  4:39  Adept  
  61  4:40  Adept  
  65  4:47  Probe  
  65  4:48  Probe  
  65  4:49  Immortal  
  71  4:59  Probe  
  72  5:09  Nexus  
  72  5:11  Pylon  
  72  5:13  Probe x2  
  74  5:24  Blink, Immortal  
  74  5:26  Probe  
  69  5:31  Sentry x4  
  77  5:38  Probe x2  
  79  5:44  Forge  
  79  5:51  Probe x2  
  79  5:55  Adept, Gateway x2  
  83  6:02  Adept x2  
  83  6:05  Adept  
  83  6:06  Pylon  
  83  6:07  Pylon  
  85  6:14  Protoss Ground Weapons Level 1  
  85  6:30  Nexus  
  85  6:31  Pylon  
  85  6:36  Immortal  
  89  6:47  Pylon x2  
  89  6:58  Probe x2  
  89  7:10  Stalker x3  
  89  7:12  Stalker x3, Stargate x2  
  89  7:15  Probe  
  100  7:21  Probe  
  101  7:24  Pylon  
  101  7:26  Shield Battery  
  101  7:27  Probe  
  102  7:33  Probe  
  102  7:35  Shield Battery  
  103  7:39  Probe  
  103  7:40  Charge  
  103  7:41  Assimilator  
  104  7:44  Probe  
  104  7:45  Stalker x2, Assimilator, Probe  
  104  7:51  Probe  
  111  7:54  Gateway  
  111  7:56  Probe  
  111  7:57  Probe, Gateway  
  113  8:02  Adept x2  
  117  8:12  Protoss Ground Weapons Level 2  
  117  8:13  Robotics Facility  
  117  8:14  Robotics Bay  
  117  8:17  Stalker x2  
  117  8:19  Sentry x2  
  121  8:28  Probe x2  
  121  8:29  Probe  
  121  8:32  Pylon  
  124  8:42  Adept x2  
  119  9:01  Gateway, Colossus  
  119  9:02  Gateway  
  125  9:03  Pylon, Colossus  
  125  9:05  Pylon  
  131  9:13  Stalker x4  
  131  9:15  Zealot  
  131  9:16  Zealot x2  
  143  9:18  Zealot  
  129  9:42  Stalker x7  
  143  9:51  Probe x3  
  140  10:00  Extended Thermal Lance  
  140  10:16  Stalker  
  140  10:17  Stalker x5  
  144  10:29  Colossus  
  144  10:34  Zealot  
  144  10:35  Zealot x2  
  155  10:46  Probe x3  
  158  10:58  Probe x3  
  161  11:12  Nexus  
  161  11:17  Colossus  
  165  11:31  Pylon  
  165  11:32  Pylon  
  155  11:35  Pylon  
  155  11:41  Zealot x5  
  165  11:53  Probe  
  166  11:55  Probe  
  166  11:58  Templar Archives  
  167  12:17  Probe x3  
  167  12:21  Zealot x5  
  180  12:29  Nexus  
  180  12:30  Psionic Storm  
  180  12:41  High Templar  
  180  12:42  High Templar x7  
  188  12:46  Pylon  
  188  12:49  Pylon, Archon x4  
  188  12:54  Protoss Ground Weapons Level 3  
  188  12:56  Observer  
  189  12:59  Pylon  
  189  13:03  Colossus  
  195  13:18  High Templar  
  195  13:19  High Templar  
  195  13:24  Zealot x2  
  193  13:38  Zealot x3  
  197  13:52  Pylon  
  197  13:54  Pylon  
  191  13:56  Photon Cannon  
  191  13:57  Probe x4  
  191  14:01  Photon Cannon  
  195  14:04  Photon Cannon  
  195  14:05  High Templar  
  195  14:06  High Templar  
  199  14:10  Colossus x2  
  183  14:37  Zealot x5  
  183  14:38  Zealot x3  
  194  14:40  Probe x4  
  194  14:43  Warp Prism  
  194  14:45  High Templar  
  182  14:55  High Templar x4  
  182  14:59  Archon x2  
  190  15:19  Zealot  
  181  15:42  Probe x4  
  163  15:46  Sentry  
  157  15:51  Zealot x3  
  157  15:54  Probe x2  
  157  15:55  Probe x2  
  161  15:58  High Templar x4  
  161  15:59  High Templar  
  161  16:03  Archon x2  
  168  16:18  Stalker  
  168  16:19  Stalker x2  
  168  16:23  Stalker  
  163  16:45  Stalker x2  
  163  16:46  Stalker  
  83  17:18  High Templar  
  83  17:19  High Templar x7  
  91  17:23  Archon  
  91  17:24  Archon x2  
  79  17:37  Archon  
Show
View Real Time Build Order
Export as new Build Order

Silky Zerg - Winner!

Build Orders: Hatch First 

Get SALT Encoding   

  12  0:00  Drone  
  13  0:12  Overlord  
  13  0:17  Drone  
  14  0:31  Drone x2  
  16  0:48  Hatchery  
  15  0:51  Drone  
  15  0:55  Drone  
  17  0:58  Drone  
  18  1:08  Extractor  
  17  1:13  Spawning Pool  
  17  1:16  Drone  
  17  1:20  Drone  
  18  1:28  Drone  
  20  1:40  Drone  
  20  1:49  Overlord  
  20  2:00  Queen x2  
  20  2:01  Zergling x4  
  26  2:08  Metabolic Boost  
  26  2:11  Drone x2  
  28  2:21  Drone  
  28  2:22  Drone  
  30  2:35  Hatchery, Drone  
  30  2:38  Drone  
  31  2:48  Overlord  
  31  2:51  Queen  
  31  2:53  Drone  
  31  2:55  Drone  
  31  2:58  Drone  
  35  3:04  Overlord  
  35  3:12  Drone x5  
  40  3:17  Zergling x4  
  42  3:20  Overlord  
  42  3:25  Drone  
  43  3:29  Spore Crawler  
  43  3:30  Queen  
  44  3:34  Drone x2  
  46  3:42  Drone x2  
  46  3:46  Drone x3  
  51  3:49  Queen  
  51  3:52  Drone  
  54  4:00  Drone, Spore Crawler  
  54  4:01  Drone x3  
  54  4:02  Drone  
  58  4:06  Zergling x2  
  58  4:08  Queen  
  61  4:11  Zergling x4  
  61  4:12  Zergling x2  
  61  4:16  Spine Crawler  
  63  4:17  Zergling x2  
  63  4:21  Zergling x2  
  65  4:26  Roach Warren  
  65  4:30  Overlord  
  64  4:34  Overlord  
  64  4:35  Overlord  
  63  4:43  Overlord  
  63  4:44  Zergling x4  
  65  4:50  Zergling x16  
  73  4:56  Overlord  
  73  5:07  Roach x7  
  73  5:09  Overlord  
  73  5:12  Overlord  
  73  5:13  Lair  
  87  5:21  Drone x5  
  88  5:30  Drone x5  
  88  5:34  Drone, Extractor  
  88  5:35  Extractor  
  91  5:39  Drone x3  
  91  5:40  Drone x2  
  96  5:47  Drone  
  96  5:48  Evolution Chamber, Drone  
  97  5:51  Drone  
  98  5:57  Overlord  
  98  5:58  Roach  
  98  6:01  Overlord  
  98  6:06  Drone  
  98  6:07  Drone x6  
  98  6:10  Extractor  
  104  6:11  Extractor  
  104  6:13  Overseer  
  104  6:15  Overseer  
  103  6:18  Glial Reconstitution  
  103  6:20  Drone  
  103  6:21  Drone x3  
  103  6:23  Hatchery  
  107  6:25  Drone x2  
  107  6:29  Overlord  
  107  6:31  Overlord  
  108  6:33  Drone  
  108  6:34  Drone  
  108  6:39  Baneling Nest  
  109  6:42  Overlord  
  106  6:50  Drone x2  
  106  6:51  Zerg Melee Weapons Level 1  
  107  6:57  Overlord  
  103  7:08  Drone x2  
  105  7:16  Drone x5  
  105  7:17  Drone x3  
  105  7:18  Roach x5  
  123  7:23  Centrifical Hooks  
  123  7:26  Overlord  
  123  7:28  Roach x2  
  123  7:29  Zergling x4  
  129  7:38  Drone  
  129  7:39  Drone x3  
  129  7:40  Infestation Pit  
  132  7:45  Zergling x12  
  132  7:47  Drone  
  132  7:50  Drone x2  
  132  7:51  Drone  
  142  7:52  Hatchery  
  142  7:53  Overlord  
  141  8:00  Ravager x5, Overseer  
  141  8:01  Ravager x2  
  141  8:02  Drone x3  
  141  8:03  Zergling x4  
  141  8:04  Extractor  
  141  8:05  Extractor  
  151  8:09  Zergling x2  
  152  8:13  Zergling x10  
  152  8:16  Ravager x4  
  152  8:17  Overlord  
  161  8:20  Extractor  
  161  8:23  Drone x3  
  161  8:26  Zergling x2  
  161  8:27  Zergling x14  
  170  8:29  Hive  
  170  8:36  Spire  
  170  8:37  Baneling x2  
  169  8:44  Overlord  
  169  8:45  Zergling x2  
  169  8:46  Zergling x24  
  182  8:51  Overlord  
  182  8:54  Baneling x7  
  181  9:01  Zergling x4  
  181  9:02  Overlord x2  
  183  9:06  Spine Crawler x3  
  178  9:22  Zerg Melee Weapons Level 2  
  170  9:28  Zergling x2, Roach  
  170  9:29  Roach x17  
  194  9:37  Zergling x4  
  183  9:45  Adrenal Glands  
  173  9:48  Greater Spire  
  173  9:49  Zergling x18  
  173  9:50  Zergling x2  
  180  9:58  Drone x2  
  182  10:03  Zergling x14  
  189  10:08  Baneling x18  
  189  10:10  Ravager x5  
  189  10:11  Zergling x6  
  197  10:16  Overlord  
  197  10:20  Overlord  
  196  10:21  Overlord  
  196  10:26  Overlord  
  196  10:27  Overlord  
  194  10:29  Overlord x2  
  193  10:44  Zergling x2  
  193  10:45  Zergling x12  
  200  10:52  Baneling  
  200  10:53  Baneling x16  
  200  10:56  Baneling x13  
  186  11:21  Zergling x2  
  186  11:22  Zergling x44  
  196  11:36  Zerg Flyer Weapons Level 1  
  195  11:41  Baneling x13  
  195  11:46  Baneling  
  195  11:48  Corruptor x2  
  195  11:50  Hatchery, Overlord  
  195  11:52  Baneling  
  195  11:53  Baneling x26  
  198  11:58  Hatchery  
  193  12:12  Corruptor x2  
  193  12:15  Zerg Melee Weapons Level 3  
  193  12:17  Evolution Chamber  
  191  12:34  Zergling x12  
  192  12:50  Spine Crawler, Spore Crawler  
  198  13:01  Viper x2  
  194  13:16  Zerg Ground Armor Level 1  
  188  13:35  Overseer x2  
  178  14:02  Corruptor x2  
  178  14:03  Corruptor x3  
  185  14:17  Zergling x2  
  185  14:18  Zergling x28  
  195  14:43  Zerg Flyer Weapons Level 2  
  195  14:45  Brood Lord x3  
  199  14:51  Brood Lord x2  
  199  14:52  Brood Lord x2  
  195  14:53  Zerg Missile Weapons Level 1  
  195  14:57  Drone x3  
  198  15:07  Spore Crawler  
  198  15:08  Spine Crawler x2, Overseer  
  198  15:13  Hatchery  
  185  15:21  Baneling x15  
  185  15:28  Zergling x34  
  184  15:45  Corruptor x5  
  185  15:57  Drone  
  185  16:01  Extractor  
  185  16:03  Extractor  
  183  16:12  Hatchery  
  183  16:15  Hatchery  
  181  16:22  Brood Lord x4  
  178  16:45  Zergling x2  
  178  16:46  Roach x8  
  199  16:49  Zergling x2  
  199  16:50  Zergling x12  
  173  17:03  Corruptor x10  
  169  17:08  Zergling x2  
  169  17:09  Zergling x64  
  176  17:18  Brood Lord  
  172  17:27  Zergling x2  
  172  17:28  Zergling x20  
Tags
 
Add a new tag
Caveats
  • Supply blocks, unpowered buildings, or Contaminate may cause inaccurate times.
  • Supply counts are checked every 10 seconds.